 Dungeon Crawl Stone Soup version 0.29-a0-575-g0dc89cf053 (webtiles) character file.

Game seed: 9643873783281600822

59 DocClef the Covert (level 4, -3/41 HPs)
             Began as a Gnoll Delver on June 12, 2022.
             Slain by a black bear (6 damage)
             ... on level 5 of the Dungeon.
             The game lasted 00:00:19 (350 turns).

DocClef the Covert (Gnoll Delver)                    Turns: 350, Time: 00:00:19

Health: -3/41      AC:  3    Str: 11    XL:     4   Next: 3%
Magic:  5/5        EV: 13    Int: 10    God:
Gold:   15         SH:  0    Dex: 15    Spells: 5/5 levels left

rFire   . . .      SeeInvis .   a - +0 short sword
rCold   . . .      Faith    .   (no shield)
rNeg    . . .      Spirit   .   b - +0 leather armour
rPois   .          Reflect  .   (no helmet)
rElec   .          Harm     .   (no cloak)
rCorr   .          Rampage  .   (no gloves)
Will    .....                   (no boots)
Stlth   ++++......              (no amulet)
HPRegen 0.13/turn               (no ring)
MPRegen 0.09/turn               (no ring)

@: no status effects
A: fangs 1, strong nose, distributed training
a: no special abilities


You were on level 5 of the Dungeon.
You visited 1 branch of the dungeon, and saw 1 of its levels.

You collected 15 gold pieces.

Inventory:

Hand Weapons
 a - a +0 short sword (weapon)
Armour
 b - a +0 leather armour (worn)
Wands
 g - a wand of digging (3)
Scrolls
 c - a scroll of fog
 d - a scroll of magic mapping
 e - a scroll of fear
 h - a scroll of identify {unknown}
Potions
 f - a potion of haste


   Skills:
 + Level 6.5 Fighting
 + Level 4.6 Short Blades
 + Level 1.0 Long Blades
 + Level 1.0 Axes
 + Level 1.0 Maces & Flails
 + Level 1.0 Polearms
 + Level 1.0 Staves
 + Level 1.0 Slings
 + Level 1.0 Bows
 + Level 1.0 Crossbows
 + Level 1.0 Throwing
 + Level 1.0 Armour
 + Level 4.6 Dodging
 + Level 9.6 Stealth
 + Level 1.0 Shields
 + Level 1.0 Unarmed Combat
 + Level 1.0 Spellcasting
 + Level 0.7 Conjurations
 + Level 0.7 Hexes
 + Level 0.7 Summonings
 + Level 0.7 Necromancy
 + Level 0.7 Translocations
 + Level 0.7 Transmutations
 + Level 0.7 Fire Magic
 + Level 0.7 Ice Magic
 + Level 0.7 Air Magic
 + Level 0.7 Earth Magic
 + Level 0.7 Poison Magic
 + Level 1.1 Invocations
 + Level 1.0 Evocations


You had 5 spell levels left.
You didn't know any spells.
Your spell library was empty.

Dungeon Overview and Level Annotations

Branches:
Dungeon (5/15)
 Temple: D:4-7

Altars:
Elyvilon


Innate Abilities, Weirdness & Mutations

You have very sharp teeth.
Your uncanny sense of smell can sniff out nearby items.
Your experience applies equally to all skills.


Message History

You hit the worm.
The worm is lightly wounded.
The white imp completely misses you.
You hit the worm but do no damage.
The worm is lightly wounded.
The worm bites you!
You hit the worm.
The worm is heavily wounded.
The white imp gestures at you. The puff of frost hits you!
The black bear closely misses you. The black bear claws you.
The black bear claws you but does no damage.
You are too injured to fight recklessly!
You are too injured to fight recklessly!
You are too injured to fight recklessly!
You are too injured to fight recklessly!
You are too injured to fight recklessly!
You are too injured to fight recklessly!
You are too injured to fight recklessly!
You are too injured to fight recklessly!
You are too injured to fight recklessly!
You are too injured to fight recklessly!
You are too injured to fight recklessly!
You are too injured to fight recklessly!
You are too injured to fight recklessly!
Unknown command.
The white imp gestures at you. The puff of frost hits you!
* * * LOW HITPOINT WARNING * * *
The black bear closely misses you. The black bear claws you.
* * * LOW HITPOINT WARNING * * *
The black bear barely misses you.
The black bear attacks as you move away!
The black bear bites you.
* * * LOW HITPOINT WARNING * * *
The black bear claws you but does no damage.
The black bear misses you.
Unknown command.
You barely miss the black bear. The black bear bites you.
You die...

∆ ##.... #. .. ...... #.#
.#... #..... #.# ##.##..
##.#... #.## ....... ......
###... .....#. #.#... ....
....##.####>#...
#.###.##.##..##......
##5sh@.##.###.#.......
#.##.##..w####.........#####
.............$.........#
....#...##...........###
........##...........#
⌠.⌠.#...###########..#
.......## #..# ....#.. #..#
._!.... #..#


You could see a black bear, a worm, a scorpion and a white imp.

Vanquished Creatures
  A necrophage (D:5)
1 creature vanquished.

Notes
Turn   | Place    | Note
-------+----------+-------------------------------------------
     0 | D:5      | Reached skill level 9 in Stealth
     0 | D:5      | DocClef the Gnoll Delver began the quest for the Orb.
     0 | D:5      | Reached XP level 1. HP: 23/23 MP: 1/1
    16 | D:5      | Noticed a necrophage
    33 | D:5      | HP: 1/22 [necrophage (4)]
    34 | D:5      | Killed a necrophage
    35 | D:5      | Reached skill level 1 in Long Blades
    35 | D:5      | Reached skill level 1 in Axes
    35 | D:5      | Reached skill level 1 in Maces & Flails
    35 | D:5      | Reached skill level 1 in Polearms
    35 | D:5      | Reached skill level 1 in Staves
    35 | D:5      | Reached skill level 1 in Slings
    35 | D:5      | Reached skill level 1 in Bows
    35 | D:5      | Reached skill level 1 in Crossbows
    35 | D:5      | Reached skill level 1 in Throwing
    35 | D:5      | Reached skill level 1 in Armour
    35 | D:5      | Reached skill level 1 in Shields
    35 | D:5      | Reached skill level 1 in Unarmed Combat
    35 | D:5      | Reached skill level 1 in Spellcasting
    35 | D:5      | Reached skill level 1 in Invocations
    35 | D:5      | Reached skill level 1 in Evocations
    35 | D:5      | Reached XP level 2. HP: 1/29 MP: 1/3
    35 | D:5      | Reached XP level 3. HP: 2/35 MP: 1/4
    35 | D:5      | Reached XP level 4. HP: 2/41 MP: 1/5
   338 | D:5      | Found a white marble altar of Elyvilon.
   338 | D:5      | Noticed a black bear
   338 | D:5      | Noticed a scorpion
   350 | D:5      | Slain by a black bear

Illustrated notes

Levels and vault maps discovered:
D:5:      layout_rooms, elyvilon_altar_5, mainiacjoe_overflow_small_starburst,
          serial_shops, nicolae_shop_competitors_out_of_business,
          uniq_crazy_yiuf_cottage

Skill      XL: |  1 |
---------------+----+-----
Stealth        | |  9.6
Long Blades    | 1 |  1.0
Axes           | 1 |  1.0
Maces & Flails | 1 |  1.0
Polearms       | 1 |  1.0
Staves         | 1 |  1.0
Slings         | 1 |  1.0
Bows           | 1 |  1.0
Crossbows      | 1 |  1.0
Throwing       | 1 |  1.0
Armour         | 1 |  1.0
Shields        | 1 |  1.0
Unarmed Combat | 1 |  1.0
Spellcasting   | 1 |  1.0
Invocations    | 1 |  1.1
Evocations     | 1 |  1.0
Fighting       | |  6.5
Short Blades   | |  4.6
Dodging        | |  4.6
Conjurations   | |  0.7
Hexes          | |  0.7
Summonings     | |  0.7
Necromancy     | |  0.7
Translocations | |  0.7
Transmutations | |  0.7
Fire Magic     | |  0.7
Ice Magic      | |  0.7
Air Magic      | |  0.7
Earth Magic    | |  0.7
Poison Magic   | |  0.7

Action                   |  1- 3 |  4- 6 || total
-------------------------+-------+-------++-------
Melee: Short sword       |    13 |     7 ||    20
       Bite              |     2 |     1 ||     3
Armor: Leather armour    |       |     2 ||     2
Dodge: Dodged            |     2 |     8 ||    10

Table legend: (Time is in decaauts)
 A = Elapsed time spent in this place.
 B = Non-inter-level travel time spent in this place.
 C = Inter-level travel time spent in this place.
 D = Time resting spent in this place.
 E = Time spent auto-exploring this place.
 F = Levels seen in this place.
 G = Mean time per level.
                   A        B        C        D        E       F      G
               +--------+--------+--------+--------+--------+-----+--------+
         Total |    347 |    347 |      0 |      0 |    312 |   1 |  347.0 |
       Dungeon |    347 |    347 |      0 |      0 |    312 |   1 |  347.0 |
               +--------+--------+--------+--------+--------+-----+--------+

Top non-repeatable levels by time:
     D:5: 347 daAuts
